 Dungeon Crawl Stone Soup version 0.28-a0-535-g6f645e4c1d (webtiles) character file.

Game seed: 11260023896887495444

44 Spaninq the Chopper (level 3, -1/31 HPs)
             Began as a Hill Orc Warper on Sept 26, 2021.
             Succumbed to a kobold's poison
             ... on level 2 of the Dungeon.
             The game lasted 00:02:09 (1386 turns).

Spaninq the Chopper (Hill Orc Warper)               Turns: 1386, Time: 00:02:09

Health: -1/31      AC:  3    Str: 12 (14) XL:     3   Next: 60%
Magic:  5/5        EV: 11    Int: 11 (13) God:
Gold:   74         SH:  0    Dex:  9 (10) Spells: 5/5 levels left

rFire   . . .      SeeInvis .   a - +0 hand axe
rCold   . . .      Faith    .   (no shield)
rNeg    . . .      Spirit   .   b - +0 leather armour
rPois   .          Reflect  .   (no helmet)
rElec   .          Harm     .   (no cloak)
rCorr   .          Rampage  .   (no gloves)
Will    .....                   (no boots)
Stlth   +.........              (no amulet)
HPRegen 0.10/turn               (no ring)
MPRegen 0.09/turn               (no ring)

@: mighty, lethally poisoned (-1 -> -6)
A: no striking features
a: no special abilities


You were on level 2 of the Dungeon.
You visited 1 branch of the dungeon, and saw 2 of its levels.

You collected 74 gold pieces.

Inventory:

Hand Weapons
 a - a +0 hand axe (weapon)
Missiles
 d - 5 boomerangs of dispersal (quivered)
Armour
 b - a +0 leather armour (worn)
Scrolls
 c - a scroll of blinking
 f - a scroll of summoning {unknown}
 g - a scroll of identify {unknown}


   Skills:
 + Level 3.1 Fighting
 * Level 4.2 Axes
 - Level 0.8 Throwing
 + Level 1.9 Armour
 - Level 1.5 Dodging
 - Level 1.5 Spellcasting
 - Level 2.4 Translocations


You had 5 spell levels left.
You didn't know any spells.
Your spell library contained the following spells:

 Spells                   Type           Power      Damage    Failure   Level
 Blink                    Tloc           N/A        N/A       22%         2
 Gell's Gravitas          Tloc           3%         N/A       41%         3
 Lesser Beckoning         Tloc           6%         N/A       41%         3
 Teleport Other           Tloc           6%         N/A       41%         3
 Manifold Assault         Tloc           6%         N/A       99%         5


Dungeon Overview and Level Annotations

Branches:
Dungeon (2/15)

Altars:


Message History

The jackal bites you but does no damage.
You hit the jackal.
You kill the jackal!
You miss the jackal. The jackal bites you. The jackal bites you.
The jackal closely misses you.
You see here a jackal corpse.
You slash the jackal!
You kill the jackal!
A kobold comes into view. It is wielding a +1 whip of venom.
Found a scroll labelled UGUNLY KIPHUME.
You hit the kobold.
The kobold is moderately wounded.
The kobold hits you with a +1 whip of venom.
You hit the kobold but do no damage.
The kobold is moderately wounded.
The kobold barely misses you.
You closely miss the kobold.
The kobold is moderately wounded.
The kobold hits you with a +1 whip of venom. x2
You hit the kobold but do no damage.
The kobold is moderately wounded.
The kobold hits you with a +1 whip of venom.
* * * LOW HITPOINT WARNING * * *
You are lethally poisoned!
It was a potion of might.
You feel very mighty all of a sudden.
* * * LOW HITPOINT WARNING * * *
You feel very sick. The kobold barely misses you.
Okay, then.
You slash the kobold!
You kill the kobold!
* * * LOW HITPOINT WARNING * * *
You feel sick.
It was a potion of degeneration.
There was something very wrong with that liquid.
You feel weakened.
You feel dopey.
You feel clumsy.
* * * LOW HITPOINT WARNING * * *
You feel sick.
You die...

########### #####
..........#
#######...#
..........##
#.........#
....?......#
#......(..#
.......#...#
#.........#
...)...#...#
#........##
...(.......#
#...#....##
.......@...#
#...#....##
...........#
#...#......
#######....#
#...#......
#...####.......... .
#...##..........##
....#...##...........#
........†.............
........#†............
........#.............


There were no monsters in sight!

Vanquished Creatures
  2 dart slugs (D:1)
  6 ball pythons
  4 endoplasms
  2 giant cockroaches
  3 goblins
  A hobgoblin (D:1)
  4 jackals (D:2)
  4 kobolds
  A quokka (D:1)
  3 bats (D:1)
  3 frilled lizards (D:1)
  4 rats
37 creatures vanquished.

Vanquished Creatures (others)
  4 plants (D:2)
4 creatures vanquished.

Grand Total: 41 creatures vanquished

Notes
Turn   | Place    | Note
-------+----------+-------------------------------------------
     0 | D:1      | Spaninq the Hill Orc Warper began the quest for the Orb.
     0 | D:1      | Reached XP level 1. HP: 18/18 MP: 3/3
    41 | D:1      | Reached skill level 3 in Axes
   104 | D:1      | Reached XP level 2. HP: 25/25 MP: 4/4
   452 | D:1      | Found a faded altar of an unknown god.
   716 | D:1      | Reached XP level 3. HP: 29/30 MP: 5/5
  1075 | D:2      | Reached skill level 4 in Axes
  1385 | D:2      | HP: 1/31 [poisoned by a kobold]
  1386 | D:2      | Succumbed to a kobold's poison

Illustrated notes

Levels and vault maps discovered:
D:1:      dpeg_arrival_water_temple_mockup, layout_basic,
          shapermc_ecumenical_altar_mp_highgroup, minmay_tetromino_o2
D:2:      layout_basic, serial_bayou_lagoon_b

Skill      XL: |  1  2  3 |
---------------+----------+-----
Axes           | 3 4 |  4.2
Fighting       | 3 |  3.1
Throwing       | |  0.8
Armour         | |  1.9
Dodging        | |  1.5
Spellcasting   | |  1.5
Translocations | |  2.4

Action                   || total
-------------------------++-------
Melee: Hand axe          ||   102
  Use: Potion            ||     2
Armor: Leather armour    ||    33
Dodge: Dodged            ||    62

Table legend: (Time is in decaauts)
 A = Elapsed time spent in this place.
 B = Non-inter-level travel time spent in this place.
 C = Inter-level travel time spent in this place.
 D = Time resting spent in this place.
 E = Time spent auto-exploring this place.
 F = Levels seen in this place.
 G = Mean time per level.
                   A        B        C        D        E       F      G
               +--------+--------+--------+--------+--------+-----+--------+
         Total |   1400 |   1363 |     37 |      0 |   1099 |   2 |  700.0 |
       Dungeon |   1400 |   1363 |     37 |      0 |   1099 |   2 |  700.0 |
               +--------+--------+--------+--------+--------+-----+--------+

Top non-repeatable levels by time:
     D:1: 1073 daAuts
     D:2: 327 daAuts
